 Dungeon Crawl Stone Soup version 0.25-a0-663-gace7076f2c (webtiles) character file.

Game seed: 18033149609799223349, levelgen mode: deterministic

2786 dabendof the Cutter (level 9, -13/69 HPs)
             Began as a Demonspawn Abyssal Knight on Mar 14, 2020.
             Was a High Priest of Lugonu.
             Mangled by a two-headed ogre
             ... wielding a +0 giant club
              (18 damage)
             ... on level 10 of the Dungeon on Mar 24, 2020.
             The game lasted 01:09:00 (6627 turns).

dabendof the Cutter (Demonspawn Abyssal Knight)     Turns: 6627, Time: 01:09:01

Health: -13/69     AC: 11    Str: 14    XL:     9   Next: 43%
Magic:  10/10      EV: 13    Int: 14    God:    Lugonu [*****.]
Gold:   453        SH:  0    Dex: 14    Spells: 8/8 levels left

rFire    . . .     SeeInvis .   t - +2 short sword (distort)
rCold    . . .     Gourm    .   (no shield)
rNeg     . . .     Faith    .   r - +1 ring mail
rPois    .         Spirit   .   (helmet restricted)
rElec    .         Reflect  .   q - +0 cloak
rCorr    +         Harm     .   (no gloves)
MR       .....                  (no boots)
Stlth    +.........             (no amulet)
HPRegen  0.21/turn              W - ring of resist corrosion
MPRegen  0.12/turn              (no ring)

@: mighty
A: antennae 2, yellow scales 2, powered by pain 1, spiny 1
a: Depart the Abyss, Bend Space, Banish, Corrupt, Enter the Abyss, Renounce
Religion


You were on level 10 of the Dungeon.
You worshipped Lugonu.
Lugonu was extremely pleased with you.
You were not hungry.

You visited 2 branches of the dungeon, and saw 11 of its levels.
You visited the Abyss 1 time.

You collected 453 gold pieces.

Inventory:

Hand Weapons
 a - a +1 falchion
 h - a +1 flail of protection
 j - a +2 whip of freezing
 t - a +2 short sword of distortion (weapon)
 M - a +0 mace of protection
 P - a +0 hand axe of electrocution
 V - a +2 dagger of speed
 Y - a +0 falchion of holy wrath
Missiles
 e - 328 stones
 i - 4 javelins
 p - 17 boomerangs
 x - 102 arrows
 A - 24 poisoned darts (quivered)
 J - 52 bolts
 O - 2 curare-tipped darts
Armour
 q - a +0 cloak (worn)
 r - a +1 ring mail (worn)
 w - a +0 chain mail
Magical Staves
 o - an uncursed staff of wizardry {unknown}
Jewellery
 W - a ring of resist corrosion (left hand)
Wands
 b - a wand of disintegration (15)
 n - a wand of paralysis (4)
 N - a wand of flame (23)
Scrolls
 k - a scroll of enchant armour
 v - a scroll of blinking
 y - 3 scrolls of teleportation
 B - a scroll of remove curse
 K - 2 scrolls of amnesia
 L - a scroll of immolation
 T - a scroll of fear
Potions
 d - a potion of curing
 f - a potion of degeneration
 g - 3 potions of resistance
 l - 3 potions of ambrosia
 m - a potion of heal wounds {unknown}
 s - a potion of berserk rage {unknown}
 u - 2 potions of stabbing
 z - a potion of might
 E - a potion of magic {unknown}
 Q - a potion of lignification {unknown}
 U - a potion of mutation {unknown}
 X - 2 potions of brilliance {unknown}
 Z - a potion of flight {unknown}
Comestibles
 c - 12 rations


   Skills:
 + Level 6.0 Fighting
 + Level 7.0(7.4) Short Blades
 + Level 3.1(5.4) Long Blades
 + Level 5.9 Armour
 + Level 4.7 Dodging
 + Level 1.9 Stealth
 + Level 2.5 Invocations


You had 8 spell levels left.
You didn't know any spells.
Your spell library was empty.

Dungeon Overview and Level Annotations

Branches:
Dungeon (10/15)              Lair (1/6) D:8
 Temple: D:4-7          Orc: D:9-12

Altars:
Ru
Xom


Innate Abilities, Weirdness & Mutations

You have a pair of antennae on your head.
You are mostly covered in yellow scales. (AC +3)
You sometimes gain a little power by taking damage.
You are partially covered in sharp spines.


Message History

Aim: a two-headed ogre, wielding two +0 giant clubs (heavily wounded, chance to defeat MR: 48%)
The two-headed ogre resists with some effort.
The two-headed ogre misses you.
The two-headed ogre hits you with a +0 giant club!
* * * LOW HITPOINT WARNING * * *
The sky beast flickers out of sight!
Deactivating autopickup; reactivate with Ctrl-A.
A sky beast appears from thin air!
Reactivating autopickup.
There is a stone staircase leading down here.
The two-headed ogre is struck by your spines.
The two-headed ogre completely misses you.
The two-headed ogre misses you.
You climb downwards.
An iguana comes into view.
Found 14 gold pieces.
Found an escape hatch in the floor.
There is a stone staircase leading up here.
The iguana hisses angrily.
The two-headed ogre hits you with a +0 giant club!!
You die...

#.......#
#.......#
#.......#
#.......#
#.......#
##......##
#........#
#@...l...#
#.O..$...#
#...<>...#
##########


You could see a two-headed ogre and an iguana.

Vanquished Creatures
  2 hippogriffs
  A water moccasin (Lair:1)
  An ice beast (D:7)
  An orc warrior (D:9)
  A sky beast (D:8)
  4 ogres
  A phantom (D:7)
  A centaur (D:8)
  2 big kobolds
  A bullfrog (D:8)
  2 scorpions
  A howler monkey (D:8)
  2 crimson imps
  A quasit (D:9)
  A centaur skeleton (D:7)
  2 hounds
  9 orc priests
  7 orc wizards
  2 worker ants
  A killer bee zombie (D:8)
  Robin (D:2)
  7 gnolls
  11 adders
  3 shadow imps
  A white imp (Abyss:1)
  An ooze (D:7)
  An adder zombie (D:8)
  An adder skeleton (D:7)
  5 dart slugs
  5 leopard geckos
  20 orcs
  11 bats
  7 giant cockroaches
  19 goblins
  5 hobgoblins
  18 jackals
  3 quokkas
  A ball python (D:5)
  6 frilled lizards
  21 kobolds
  4 rats
194 creatures vanquished.

Vanquished Creatures (others)
  A big kobold (D:7)
  A centaur zombie (D:6)
  A worker ant (D:5)
  A gnoll (D:4)
  An adder (D:2)
  A shadow imp (D:9)
6 creatures vanquished.

Grand Total: 200 creatures vanquished

Notes
Turn   | Place    | Note
-------+----------+-------------------------------------------
     0 | Abyss:1  | dabendof the Demonspawn Abyssal Knight began the quest for
                  | the Orb.
     0 | Abyss:1  | Reached XP level 1. HP: 18/18 MP: 2/2
    72 | Abyss:1  | Noticed a deep elf demonologist
   119 | D:1      | Escaped the Abyss
   196 | D:1      | Gained mutation: You are partially covered in sharp spines.
                  | [demonic ancestry]
   196 | D:1      | Reached XP level 2. HP: 22/24 MP: 3/3
   391 | D:1      | Reached ** piety under Lugonu
   400 | D:1      | Reached XP level 3. HP: 17/29 MP: 4/4
   469 | D:1      | Reached skill level 1 in Dodging
   813 | D:2      | Noticed Robin
   814 | D:2      | Gained mutation: You are partially covered in yellow
                  | scales. (AC +2) [demonic ancestry]
   814 | D:2      | Reached XP level 4. HP: 33/37 MP: 5/5
   831 | D:2      | Killed Robin
   836 | D:2      | Reached *** piety under Lugonu
  1177 | D:2      | Found a faded altar of an unknown god.
  1610 | D:3      | Reached skill level 1 in Short Blades
  1610 | D:3      | Gained mutation: You have a pair of small antennae on your
                  | head. [demonic ancestry]
  1610 | D:3      | Reached XP level 5. HP: 42/42 MP: 6/6
  2023 | D:3      | Reached **** piety under Lugonu
  2135 | D:4      | Reached skill level 2 in Short Blades
  2139 | D:4      | Reached XP level 6. HP: 40/48 MP: 7/7
  2358 | D:4      | Reached skill level 1 in Stealth
  2913 | D:5      | Entered Level 5 of the Dungeon
  2968 | D:5      | Reached skill level 3 in Short Blades
  3036 | D:5      | Gained mutation: You have a pair of antennae on your head.
                  | [demonic ancestry]
  3036 | D:5      | Reached XP level 7. HP: 15/55 MP: 8/8
  3566 | D:5      | Found a sacrificial altar of Ru.
  3687 | D:5      | Found a shattered altar of Ashenzari.
  3689 | D:5      | Found a hide-covered altar of Uskayaw.
  3689 | D:5      | Found a stormy altar of Qazlal.
  3691 | D:5      | Found a glowing golden altar of the Shining One.
  3691 | D:5      | Found a shimmering altar of Xom.
  3691 | D:5      | Found a shimmering altar of Xom.
  3789 | D:6      | Reached skill level 4 in Short Blades
  4205 | D:6      | Gained mutation: You sometimes gain a little power by
                  | taking damage. [demonic ancestry]
  4205 | D:6      | Reached XP level 8. HP: 61/61 MP: 9/9
  4477 | D:7      | Reached skill level 5 in Fighting
  4593 | D:7      | Reached skill level 5 in Short Blades
  4884 | D:8      | Found a staircase to the Lair.
  4921 | D:8      | Upgraded the game from 0.25-a0-591-g2ad0d861f1 to
                  | 0.25-a0-598-gc9c9e4cfe1
  4968 | D:8      | Noticed a hippogriff
  4973 | D:8      | Killed a hippogriff
  4998 | D:8      | Reached skill level 5 in Armour
  5047 | D:8      | Reached skill level 6 in Short Blades
  5067 | D:8      | Reached ***** piety under Lugonu
  5074 | D:8      | Gained mutation: You are mostly covered in yellow scales.
                  | (AC +3) [demonic ancestry]
  5074 | D:8      | Reached XP level 9. HP: 16/69 MP: 10/10
  5640 | Lair:1   | Entered Level 1 of the Lair of Beasts
  5649 | Lair:1   | Noticed a four-headed hydra
  5654 | Lair:1   | Noticed a spiny frog
  5987 | D:8      | Upgraded the game from 0.25-a0-598-gc9c9e4cfe1 to
                  | 0.25-a0-663-gace7076f2c
  6482 | D:9      | Reached skill level 7 in Short Blades
  6528 | D:9      | Noticed a two-headed ogre
  6615 | D:9      | HP: 2/69 [two-headed ogre/+0 giant club (7)]
  6623 | D:10     | Entered Level 10 of the Dungeon
  6627 | D:10     | Mangled by a two-headed ogre

Levels and vault maps discovered:
D:1:      wheals_arrival_linesprint, layout_rooms
D:2:      layout_loops_ring, chequers_ecumenical_altar_simple, first_ration,
          uniq_robin
D:3:      layout_basic
D:4:      layout_gridville, chequers_big_river
D:5:      layout_cave_pools, doesnt_xom_only_xom, nicolae_ru_path_of_blood
D:6:      layout_basic
D:7:      minmay_evil_eye, layout_basic
D:8:      layout_basic, lair_entry_dummy
D:9:      layout_long_grid, basic_altar
D:10:     layout_gridville, david_orc_2, uniq_erica
Lair:1:   layout_small_grid, lemuel_fruit_tree

Skill      XL: |  1  2  3  4  5  6  7  8  9 |
---------------+----------------------------+-----
Long Blades    | 2 3 |  3.1
Armour         | 2 3 4 5 |  5.9
Dodging        | 1 2 3 4 |  4.7
Fighting       | 4 5 6 |  6.0
Short Blades   | 1 2 3 4 6 7 |  7.0
Stealth        | 1 |  1.9
Invocations    | |  2.5

Action                   |  1- 3 |  4- 6 |  7- 9 || total
-------------------------+-------+-------+-------++-------
Melee: Falchion          |    54 |       |       ||    54
       Short sword       |    21 |   148 |   248 ||   417
Throw: Dart              |       |       |     3 ||     3
Evoke: Wand              |       |       |     1 ||     1
  Use: Scroll            |     4 |     2 |     9 ||    15
       Potion            |     1 |     1 |     5 ||     7
 Stab: Sleeping          |     1 |       |       ||     1
  Eat: Chunk             |       |     4 |     4 ||     8
       Ration            |       |     1 |     2 ||     3
Armor: Leather armour    |    21 |     8 |       ||    29
       Ring mail         |       |    47 |    88 ||   135
Dodge: Dodged            |    45 |    82 |   124 ||   251
       Rpst.: Falchion   |    10 |       |       ||    10

Table legend:
 A = Non-vault XP
 B = Vault XP
 C = Vault XP percentage of total XP
 D = Non-vault monster count
 E = Vault monster count
 F = Vault count percentage of total count
                 A         B        C        D         E       F
            +---------+---------+-------+---------+---------+-------
      Total |    3883 |      98 |   2.5 |     186 |      14 |   7.0
            +---------+---------+-------+---------+---------+-------
        D:1 |      49 |       0 |   0.0 |      25 |       0 |   0.0
        D:2 |      92 |      33 |  26.4 |      27 |      11 |  28.9
        D:3 |     151 |       0 |   0.0 |      30 |       0 |   0.0
        D:4 |     115 |       0 |   0.0 |      11 |       0 |   0.0
        D:5 |     520 |       0 |   0.0 |      21 |       0 |   0.0
        D:6 |     491 |       0 |   0.0 |      15 |       0 |   0.0
        D:7 |     512 |      65 |  11.3 |      16 |       3 |  15.8
        D:8 |    1073 |       0 |   0.0 |      25 |       0 |   0.0
        D:9 |     489 |       0 |   0.0 |      13 |       0 |   0.0
     Lair:1 |     381 |       0 |   0.0 |       2 |       0 |   0.0
    Abyss:1 |      10 |       0 |   0.0 |       1 |       0 |   0.0
            +---------+---------+-------+---------+---------+-------
